 Dungeon Crawl Stone Soup version 0.31-a0-1204-ge2c1a86 (webtiles) character file.

Game seed: 7285442633036790519

198618 Kearsarge the Phalangite (level 18, -19/155 HPs)
             Began as a Merfolk Fighter on Dec 12, 2023.
             Was an Initiate of Gozag.
             Demolished by a radroach (49 damage)
             ... on level 4 of the Spider Nest.
             The game lasted 00:54:51 (32951 turns).

Kearsarge the Phalangite (Merfolk Fighter)         Turns: 32951, Time: 00:54:52

Health: -19/155    AC: 16    Str: 21 (22) XL:     18   Next: 45%
Magic:  9/9        EV: 17    Int:  4 (6)  God:    Gozag
Gold:   1809       SH:  7    Dex: 17      Spells: 17/17 levels left

rFire   . . .        J - +9 trident of Afryguh {venom, rC+ Will++ Int-2 Dex+2}
rCold   + + +        M - +2 buckler {AC+3}
rNeg    + . .        m - +2 scale mail {rPois}
rPois   +            V - +0 helmet {SInv}
rElec   +            H - scarf {rC+ rF+}
rCorr   .            L - +2 pair of gloves {hurl}
SInv    +            j - +0 pair of boots
Will    +++..        B - amulet of regeneration Stlth
                     i - ring of protection from cold
HPRegen 1.25/turn    Y - ring "Sitat" {Ice rElec rN+ MP-9}
MPRegen 0.11/turn

%: no passive effects
@: gold aura, very slightly contaminated
A: (nimble swimmer 2), mertail
}: 1/15 runes: decaying
a: Renounce Religion, Potion Petition, Call Merchant, Bribe Branch


You were on level 4 of the Spider Nest.
You worshipped Gozag.
Gozag was most pleased with you.
You visited 6 branches of the dungeon, and saw 31 of its levels.
You visited 1 bazaar.
You also visited: Gauntlet and Ice Cave.

You collected 9613 gold pieces.
You spent 3022 gold pieces at shops.
You paid 4782 gold pieces to Gozag.

Inventory:

Hand Weapons
 J - the +9 trident of Afryguh (weapon) {venom, rC+ Will++ Int-2 Dex+2}
   (You found it on level 13 of the Dungeon)

   Int-2:     It affects your intelligence (-2).
   Dex+2:     It affects your dexterity (+2).
   rC+:       It protects you from cold.
   Will++:    It greatly increases your willpower.
Armour
 d - the +0 cloak "Caemueqo" {Rampage rElec Str+3 Dex-4}
   (You bought it in a shop on level 3 of the Lair of Beasts)

   Str+3:     It affects your strength (+3).
   Dex-4:     It affects your dexterity (-4).
   rElec:     It insulates you from electricity.
   Rampage:   It bestows one free step when moving towards enemies.
 j - a +0 pair of boots (worn)
 m - a +2 scale mail of poison resistance (worn)
 H - a scarf of resistance (worn)
 L - a +2 pair of gloves of hurling (worn)
 M - a +2 buckler of protection (worn)
 V - a +0 helmet of see invisible (worn)
Jewellery
 i - a ring of protection from cold (left hand)
 l - a ring of resist corrosion
 t - a ring of positive energy
 B - an amulet of regeneration (around neck)
 Y - the ring "Sitat" (right hand) {Ice rElec rN+ MP-9}
   (You bought it in a shop on level 13 of the Dungeon)

   [ring of ice]

   Ice:       It enhances your ice magic.
   rF-:       It makes you vulnerable to fire.
   rC+:       It protects you from cold.
   rElec:     It insulates you from electricity.
   rN+:       It protects you from negative energy.
   MP-9:      It affects your magic capacity (-9).
Talismans
 W - a dragon-blood talisman
Wands
 o - a wand of polymorph (8)
 s - a wand of digging (1)
 v - a wand of flame (58)
 w - a wand of iceblast (13)
 N - a wand of light (9)
 U - a wand of paralysis (19)
Scrolls
 c - 2 scrolls of enchant armour
 f - a scroll of fog
 k - 6 scrolls of teleportation
 n - 2 scrolls of vulnerability
 q - 7 scrolls of amnesia
 y - a scroll of blinking
 F - 4 scrolls of revelation
 I - a scroll of brand weapon
 K - 2 scrolls of enchant weapon
 P - 14 scrolls of identify
 Q - 2 scrolls of noise
 T - 4 scrolls of immolation
Potions
 b - 3 potions of ambrosia
 g - 3 potions of brilliance
 h - 2 potions of mutation
 p - 4 potions of attraction
 r - 6 potions of curing
 x - 2 potions of heal wounds
 A - 3 potions of resistance
 C - 6 potions of lignification
 E - 5 potions of enlightenment
 G - 2 potions of magic
 O - 2 potions of might
 R - 2 potions of haste
 S - 2 potions of berserk rage
Miscellaneous
 e - a lightning rod (4/4)


   Skills:
 + Level 17.3 Fighting
 - Level 25.4 Polearms
 - Level 2.1 Armour
 + Level 15.1 Dodging
 - Level 3.0 Shields
 - Level 12.6 Unarmed Combat
 - Level 16.0 Shapeshifting


You had 17 spell levels left.
You didn't know any spells.
Your spell library contained the following spells:

 Spells                   Type           Power      Damage    Failure   Level
 Magic Dart               Conj           0%         1d3       89%         1
 Slow                     Hex            0%         N/A       89%         1
 Blink                    Tloc           0%         N/A       96%         2
 Lesser Beckoning         Tloc           0%         N/A       96%         2
 Momentum Strike          Conj/Tloc      0%         3d8       96%         2
 Searing Ray              Conj           0%         2d4       96%         2
 Static Discharge         Conj/Air       0%         3-3/arc   96%         2
 Wereblood                Tmut           0%         N/A       96%         2
 Confusing Touch          Hex            0%         N/A       99%         3
 Gell's Gravitas          Tloc           0%         N/A       99%         3
 Sigil of Binding         Hex            0%         N/A       99%         3
 Teleport Other           Tloc           0%         N/A       99%         3
 Vampiric Draining        Necr           0%         2d6       99%         3
 Airstrike                Air            0%         2d(0-16)  100%        4
 Fulminant Prism          Conj/Hex       0%         3d5       100%        4
 Summon Lightning Spire   Summ/Air       0%         N/A       100%        4
 Irradiate                Conj/Tmut      0%         3d11      100%        5
 Iskenderun's Battlesphe  Conj           0%         2d6       100%        5
 Summon Forest            Summ/Tloc      0%         N/A       100%        5
 Summon Mana Viper        Hex/Summ       0%         N/A       100%        5
 Bombard                  Conj/Erth      0%         9d1       100%        6
 Dispersal                Tloc           0%         N/A       100%        6
 Summon Cactus Giant      Summ           0%         N/A       100%        6
 Spellforged Servitor     Conj/Summ      0%         N/A       100%        7


Dungeon Overview and Level Annotations

Branches:
Dungeon (15/15)            Temple (1/1) D:7            Lair (5/5) D:10
  Swamp (4/4) Lair:3       Spider (4/4) Lair:3        Slime (0/5) Lair:4
    Orc (2/2) D:10            Elf (0/3) Orc:2        Vaults (0/5) D:13
 Depths (0/4) D:15          IceCv (visited)         Gauntlet (visited)

Altars:
Ashenzari
Cheibriados
Dithmenos
Elyvilon
Fedhas
Gozag
Hepliaklqana
Kikubaaqudgha
Makhleb
Nemelex Xobeh
Okawaru
Qazlal
Ru
Sif Muna
Trog
Uskayaw
Vehumet
Wu Jian
Xom
Yredelemnul
Zin
The Shining One
Jiyva

Shops:
D:1 (   D:3 !   D:4 (   D:6 *   D:7 :   D:8 ?   D:11 [   D:13 =   Orc:1 ([
Orc:2 (([(((((   Lair:2 [   Lair:3 [   Spider:1 [

Annotations:
D:8 2 transporters, Kave's ghost, novice TrSh
Lair:4 2 transporters, exclusion: 2 oklob plants, Kaaqalocw's ghost, journeyman DECj
Swamp:4 Lernaean hydra


Innate Abilities, Weirdness & Mutations

((You are very nimble when in or above water. (Stealth+, EV+, Speed+++)))
Your lower body shifts to a powerful aquatic tail in water.


Message History

You are too injured to fight recklessly!
You are too injured to fight recklessly!
You impale the culicivora!!
The culicivora is severely wounded.
The culicivora closely misses you.
The culicivora attacks as it pursues you!
The culicivora bites you.
You see here a +0 chain mail.
You miss the culicivora.
The culicivora is almost dead.
The culicivora barely misses you. The radroach closely misses you. x2
You hit the culicivora.
The culicivora is almost dead.
You kill the culicivora!
You hit the radroach.
The radroach is poisoned.
The radroach is lightly wounded.
The tarantella touches you! The radroach barely misses you.
The radroach completely misses you.
You impale the radroach!!
The radroach is moderately wounded.
The tarantella barely misses you.
You hit the radroach.
The radroach looks as sick as possible!
The radroach is heavily wounded.
The radroach misses you. The radroach closely misses you.
The tarantella touches you but does no damage.
You puncture the radroach!
The radroach looks as sick as possible!
The radroach is severely wounded.
The tarantella touches you!
You are afflicted by dizzying energies!
You are confused.
The radroach erupts in a fountain of uncontrolled magic!
You are blasted with magical radiation!!!
* * * LOW HITPOINT WARNING * * *
You are very lightly contaminated with residual magic.
You closely miss the tarantella. The tarantella touches you.
* * * LOW HITPOINT WARNING * * *
You feel better. The tarantella closely misses you.
The radroach erupts in a fountain of uncontrolled magic!
You are blasted with magical radiation!!!
You die...
Your body crumbles into a pile of gold.

... #.# #^# . ##.##
##.###^.... ##.^.##
##...##~.s..##....!###
#^....##..B.........^
.........s..##s....#
#.....##...^^##.^.# #
##....#.....s###s###.##
###.###.^..°.^.#@#...~#
^.#.#.~.......$B.$...#
....^..........$.^..##
......#.#.^.........^#
...^###^###^.......^##
...^#....^#.....^.###
...##.....##.......#
......^.^...^$...###
...##.....##^....#


You could see a radroach (extremely poisoned), an orb spider (charged) and a
tarantella.

Vanquished Creatures
  Jorgrun (D:14)
  2 thorn hunters (Swamp:4)
  A fenstrider witch (Swamp:3)
  A frost giant (IceCv)
  2 ghost moths
  3 emperor scorpions
  Louise (Spider:2)
  An orc warlord (Orc:2)
  3 broodmothers (Spider:4)
  A very ugly thing (D:13)
  A stone giant (D:15)
  3 bunyips
  A spark wasp (Spider:4)
  A minotaur (Gauntlet)
  A fire dragon (Lair:5)
  7 entropy weavers
  Josephine (D:10)
  Erolcha (D:10)
  A vault guard (D:13)
  3 radroaches
  15 hydras
  A jorogumo (Spider:2)
  4 boulder beetles
  2 ghost crabs
  A catoblepas (Lair:1)
  7 alligators
  2 tengu warriors (D:15)
  4 centaur warriors
  2 death scarabs (Gauntlet)
  6 two-headed ogres
  10 death yaks
  A soul eater (Gauntlet)
  5 demonic crawlers
  3 orc high priests
  6 spriggans
  2 skysharks (Lair:4)
  Urug (D:10)
  4 skeletal warriors (D:15)
  A goliath frog (Swamp:1)
  7 pharaoh ants
  8 orb spiders
  6 bog bodies
  2 swamp dragons (Swamp:4)
  3 spriggan druids
  An obsidian statue (Orc:2)
  2 steelbarb worms
  An orc knight (D:10)
  A lindwurm (Lair:5)
  A deep elf pyromancer (D:14)
  3 will-o-the-wisps
  2 manticores
  An oklob plant (Lair:3)
  17 wolf spiders
  3 orc sorcerers (Orc:2)
  19 ugly things
  6 kobold blastminers (Orc:2)
  5 cyclopes
  6 elephants (Lair:5)
  A moth of wrath (Spider:2)
  3 black mambas
  7 torpor snails
  Joseph (D:7)
  An ice statue (IceCv)
  3 gargoyles
  A minotaur zombie (Gauntlet)
  3 molten gargoyles (Lair:5)
  14 cane toads
  9 rime drakes
  An unseen horror (shapeshifter) (D:14)
  An unseen horror (D:10)
  A yaktaur (D:15)
  2 efreet
  2 tengu conjurers (D:15)
  2 freezing wraiths (D:10)
  12 komodo dragons
  6 meliai
  6 trolls
  6 polar bears
  4 hornets
  6 tyrant leeches
  23 tarantellas
  6 dream sheep
  12 blink frogs
  35 jumping spiders
  3 centaur simulacra
  A yak (shapeshifter) (D:13)
  15 slime creatures
  A spectral black mamba (Gauntlet)
  12 wraiths
  4 shadows
  11 wyverns
  2 vampires
  A spectral fire crab (Gauntlet)
  51 yaks
  19 culicivoras
  12 basilisks
  Eustachio (D:6)
  61 redbacks
  2 steam dragons
  32 vampire mosquitoes
  A warg (Orc:2)
  16 swamp worms
  An acid dragon (D:11)
  12 water moccasins
  3 hell hounds (Lair:5)
  3 swamp drakes
  39 orc warriors
  2 sky beasts (D:7)
  2 meliai simulacra
  2 ice beasts
  2 black bears
  25 wolves
  6 centaurs
  10 ogres
  6 bullfrogs
  2 kobold brigands (D:10)
  A gnoll sergeant (D:5)
  10 scorpions
  6 wights
  12 killer bees
  5 electric eels
  6 lava snakes
  3 howler monkeys
  2 jellies (Lair:3)
  A wyvern simulacrum (Gauntlet)
  8 hounds
  24 orc priests
  Crazy Yiuf (D:3)
  2 sleepcaps
  Ijyb (D:3)
  5 iguanas
  34 orc wizards
  A boggart simulacrum (Gauntlet)
  8 gnolls
  10 adders
  2 shadow imps (Gauntlet)
  2 white imps
  2 ufetubi (D:5)
  6 worms
  A dart slug (D:3)
  84 orcs
  4 ball pythons
  6 bats
  27 endoplasms
  3 giant cockroaches
  4 goblins
  14 hobgoblins
  2 jackals (D:2)
  6 kobolds
  A quokka (D:2)
  2 frilled lizards (D:1)
  7 rats
1048 creatures vanquished.

Vanquished Creatures (collateral kills)
  2 orcs
2 creatures vanquished.

Vanquished Creatures (others)
  2 bloated husks
  An orc priest (D:9)
  27 foxfires
30 creatures vanquished.

Grand Total: 1080 creatures vanquished

Notes
Turn   | Place    | Note
-------+----------+-------------------------------------------
     0 | D:1      | Kearsarge the Merfolk Fighter began the quest for the Orb.
     0 | D:1      | Reached XP level 1. HP: 18/18 MP: 1/1
    41 | D:1      | Reached skill level 3 in Polearms
   102 | D:1      | Found a faded altar of an unknown god.
   232 | D:1      | Reached XP level 2. HP: 24/24 MP: 2/2
   261 | D:1      | Found Jefo's Weapon Emporium.
   995 | D:2      | Reached skill level 4 in Polearms
  1005 | D:2      | Reached XP level 3. HP: 21/30 MP: 3/3
  1431 | D:2      | Reached XP level 4. HP: 29/37 MP: 4/4
  1564 | D:3      | Reached skill level 5 in Polearms
  1661 | D:3      | Noticed a scorpion
  1681 | D:3      | Killed a scorpion
  1682 | D:3      | Reached skill level 6 in Polearms
  1682 | D:3      | Reached XP level 5. HP: 33/43 MP: 5/5
  1819 | D:3      | Noticed Ijyb
  1823 | D:3      | Paralysed by Ijyb for 5 turns
  1837 | D:3      | Killed Ijyb
  1974 | D:3      | Found a transporter.
  1974 | D:3      | Found Vevviule's Distillery.
  2023 | D:3      | Found a transporter.
  2028 | D:3      | Bought a potion of heal wounds for 60 gold pieces
  2057 | D:3      | Found a runed translucent door.
  2058 | D:3      | Noticed Crazy Yiuf
  2107 | D:3      | Killed Crazy Yiuf
  2108 | D:3      | Reached XP level 6. HP: 50/50 MP: 6/6
  2303 | D:3      | Reached skill level 5 in Fighting
  2490 | D:4      | Reached skill level 7 in Polearms
  2682 | D:4      | Reached skill level 8 in Polearms
  2682 | D:4      | Reached XP level 7. HP: 26/56 MP: 7/7
  2833 | D:4      | Found Naps's Weapon Shop.
  3415 | D:5      | Entered Level 5 of the Dungeon
  3580 | D:5      | Reached skill level 9 in Polearms
  3704 | D:5      | Reached XP level 8. HP: 38/65 MP: 8/8
  3830 | D:5      | Reached skill level 10 in Polearms
  4258 | D:5      | Reached skill level 11 in Polearms
  4895 | D:6      | Found Waunk's Assorted Antiques.
  4915 | D:6      | Reached skill level 12 in Polearms
  4915 | D:6      | Reached XP level 9. HP: 56/74 MP: 9/9
  5175 | D:6      | Noticed Eustachio
  5193 | D:6      | Killed Eustachio
  5882 | D:7      | Reached skill level 13 in Polearms
  6051 | D:7      | Reached skill level 14 in Polearms
  6170 | D:7      | Reached XP level 10. HP: 59/83 MP: 10/10
  6344 | D:7      | Noticed Joseph
  6353 | D:7      | Killed Joseph
  6354 | D:7      | Reached skill level 15 in Polearms
  6554 | D:7      | Found Lebebriu's Book Shop.
  6911 | D:7      | Found a staircase to the Ecumenical Temple.
  6933 | D:7      | Reached skill level 10 in Fighting
  6944 | Temple   | Entered the Ecumenical Temple
  6949 | Temple   | Became a worshipper of Gozag Ym Sagoz the Greedy
  7405 | D:8      | Found a transporter.
  7466 | D:6      | Bought a large copper amulet for 120 gold pieces
  7573 | D:8      | Found a transporter.
  7577 | D:8      | Noticed Kave's ghost (novice TrSh)
  7910 | D:8      | Found Ukulynin's Magic Scroll Shop.
  7941 | D:8      | Noticed a cyclops
  8019 | D:8      | Bought a scroll of teleportation for 36 gold pieces
  8057 | D:8      | Killed a cyclops
  8091 | D:8      | Reached skill level 16 in Polearms
  8103 | D:8      | Found a hide-covered altar of Uskayaw.
  8762 | D:9      | Found a basalt altar of Yredelemnul.
  8764 | D:9      | Found an ancient bone altar of Kikubaaqudgha.
  8767 | D:9      | Found a sparkling altar of Nemelex Xobeh.
  8845 | D:9      | Found a radiant altar of Vehumet.
  8866 | D:9      | Noticed a two-headed ogre
  8899 | D:9      | Killed a two-headed ogre
  8900 | D:9      | Reached skill level 17 in Polearms
  8900 | D:9      | Reached XP level 11. HP: 82/93 MP: 9/11
  9308 | D:10     | Entered Level 10 of the Dungeon
  9341 | D:8      | Bought a scroll of blinking for 90 gold pieces
  9341 | D:8      | Bought a scroll of fear for 48 gold pieces
  9341 | D:8      | Bought a scroll of summoning for 114 gold pieces
  9371 | D:10     | Noticed Erolcha
  9385 | D:10     | Killed Erolcha
  9772 | D:10     | Noticed a death yak
  9776 | D:10     | Noticed a death yak
  9779 | D:10     | Noticed a death yak
  9784 | D:10     | Reached skill level 18 in Polearms
  9974 | D:10     | Found a shadowy altar of Dithmenos.
  9974 | D:10     | Found a glowing golden altar of the Shining One.
 10011 | D:10     | Noticed an orc knight
 10096 | D:10     | Noticed a two-headed ogre
 10689 | D:10     | Killed an orc knight
 10758 | D:10     | Noticed Urug
 10766 | D:10     | Killed Urug
 10767 | D:10     | Reached skill level 19 in Polearms
 10782 | D:10     | Found a staircase to the Orcish Mines.
 11159 | D:10     | Reached XP level 12. HP: 97/103 MP: 10/12
 11468 | D:10     | Found a staircase to the Lair.
 11492 | D:10     | Killed a two-headed ogre
 11741 | D:9      | Killed a death yak
 11742 | D:9      | Reached skill level 20 in Polearms
 12383 | D:10     | Noticed Josephine
 12398 | D:10     | Killed Josephine
 13004 | D:11     | Found Nitaicsa's Armour Shop.
 13004 | D:11     | Noticed an animated crystal plate armour
 13006 | D:11     | Noticed an animated gold dragon scales
 13020 | D:11     | Bought a +2 scale mail of poison resistance for 306 gold
                  | pieces
 13566 | D:12     | Identified the +5 trident of Untimely Demise {drain, rCorr
                  | Str+4 Int-2 SInv}
 14062 | Lair:1   | Entered Level 1 of the Lair of Beasts
 14125 | Lair:1   | Reached skill level 21 in Polearms
 14549 | Lair:1   | Noticed a catoblepas
 14568 | Lair:1   | Killed a catoblepas
 14735 | Lair:1   | Reached XP level 13. HP: 68/112 MP: 13/13
 15354 | Lair:2   | Found a frozen archway.
 15363 | IceCv    | Entered an ice cave
 15380 | IceCv    | Reached skill level 22 in Polearms
 15671 | IceCv    | Noticed a frost giant
 15700 | IceCv    | Killed a frost giant
 15935 | IceCv    | Reached skill level 23 in Polearms
 16138 | Lair:2   | Reached skill level 15 in Fighting
 16708 | Lair:3   | Reached XP level 14. HP: 122/123 MP: 14/14
 16793 | Lair:3   | Reached skill level 24 in Polearms
 16832 | Lair:3   | Found a hole to the Spider Nest.
 16928 | Lair:3   | Identified the +2 rapier of Defilement {drain, rPois
                  | Will+++ Int-4 Stlth+}
 17043 | Lair:3   | Bought a faintly humming cloak for 323 gold pieces
 17043 | Lair:3   | Identified the +0 cloak "Caemueqo" {Rampage rElec Str+3
                  | Dex-4} (You bought it in a shop on level 3 of the Lair of
                  | Beasts)
 17045 | Lair:3   | Bought a shiny buckler for 255 gold pieces
 17391 | Lair:3   | Found a staircase to the Swamp.
 17629 | Lair:4   | Found a transporter.
 17652 | Lair:4   | Found a viscous altar of Jiyva.
 17652 | Lair:4   | Found a staircase to the Slime Pits.
 17710 | Lair:4   | Found a transporter.
 17910 | Lair:4   | Noticed Kaaqalocw's ghost (journeyman DECj)
 18382 | Lair:5   | Entered Level 5 of the Lair of Beasts
 18388 | Lair:5   | Identified the +1 great sword of the Nexus {heavy, ^Drain
                  | rCorr MP+9}
 18469 | Lair:5   | Reached skill level 25 in Polearms
 18852 | Lair:5   | Found a bloodstained altar of Trog.
 19044 | Lair:5   | Reached skill level 1 in Dodging
 19147 | Lair:5   | Reached skill level 5 in Dodging
 19165 | Lair:5   | Found a large runed translucent door.
 19166 | Lair:5   | Found a large runed translucent door.
 19707 | D:10     | Reached XP level 15. HP: 125/132 MP: 15/15
 19796 | Orc:1    | Entered Level 1 of the Orcish Mines
 19916 | Orc:1    | Found Haeretey's Antique Weapon Shoppe.
 20292 | Orc:2    | Entered Level 2 of the Orcish Mines
 20292 | Orc:2    | Found a staircase to the Elven Halls.
 20316 | Orc:2    | Reached skill level 10 in Dodging
 20329 | Orc:2    | Found Coadwir's Weapon Boutique.
 20362 | Orc:2    | Found Oxeyqum's Antique Weapon Shop.
 20575 | Orc:2    | Found Qeuhu's Antique Weapon Shop.
 20662 | Orc:2    | Found Verahyith's Weapon Boutique.
 20786 | Orc:2    | Found a gateway to a bazaar.
 21017 | Orc:2    | Found Cyoluf's Weapon Shop.
 21300 | Orc:2    | Found Oqe Nil's Antique Weapon Shop.
 21447 | Orc:2    | Found Vivom's Antique Armour Shop.
 21449 | Orc:2    | Found Lebebriu's Antique Weapon Boutique.
 21499 | Orc:2    | Noticed an orc warlord
 21526 | Orc:2    | Killed an orc warlord
 21589 | Bazaar   | Entered a bazaar
 21591 | Bazaar   | Found Dibatix's Distillery.
 21595 | Bazaar   | Bought a potion of might for 36 gold pieces
 21595 | Bazaar   | Bought a potion of heal wounds for 45 gold pieces
 21595 | Bazaar   | Bought a potion of might for 36 gold pieces
 21595 | Bazaar   | Found Koppi's Jewellery Boutique.
 21595 | Bazaar   | Found Voixuax's Distillery.
 21596 | Bazaar   | Found Inwek's Distillery.
 21611 | Bazaar   | Bought a potion of lignification for 33 gold pieces
 21611 | Bazaar   | Bought 2 potions of invisibility for 176 gold pieces
 21611 | Bazaar   | Bought a potion of lignification for 33 gold pieces
 21611 | Bazaar   | Bought a potion of curing for 33 gold pieces
 21611 | Bazaar   | Bought a potion of curing for 33 gold pieces
 21611 | Bazaar   | Bought a potion of curing for 33 gold pieces
 21619 | Bazaar   | Bought a potion of haste for 120 gold pieces
 21619 | Bazaar   | Bought a potion of curing for 36 gold pieces
 21619 | Bazaar   | Bought a potion of lignification for 36 gold pieces
 21794 | D:13     | Found a gate leading to a gauntlet.
 21811 | Gauntlet | Entered a Gauntlet
 21811 | Gauntlet | Found a transporter.
 21811 | Gauntlet | Found a transporter.
 21830 | Gauntlet | Found a transporter.
 21832 | Gauntlet | Found a transporter.
 21844 | Gauntlet | Found a transporter.
 21846 | Gauntlet | Found a transporter.
 21852 | Gauntlet | Found a runed translucent gate.
 21852 | Gauntlet | Found a runed translucent gate.
 21852 | Gauntlet | Found a runed translucent gate.
 21856 | Gauntlet | Found a transporter.
 21876 | Gauntlet | Found a runed translucent door.
 21877 | Gauntlet | Found a transporter.
 21878 | Gauntlet | Found a runed translucent door.
 21894 | Gauntlet | Found a transporter.
 21898 | Gauntlet | Found a transporter.
 21908 | Gauntlet | Found a transporter.
 21912 | Gauntlet | Found a transporter.
 22096 | Gauntlet | Identified the amulet "Lenaki" {RegenMP Will++ Int-3}
 22287 | D:13     | Bought a dragon-blood talisman for 720 gold pieces
 22345 | D:13     | Reached skill level 1 in Shapeshifting
 22707 | D:13     | Identified the +11 war axe "Vaidd" {venom, rElec}
 22860 | D:13     | Identified the +9 trident of Afryguh {venom, rC+ Will++
                  | Int-2 Dex+2}
 22898 | D:13     | Reached skill level 5 in Shapeshifting
 22973 | D:13     | Identified the +10 flail of Laceration {venom, Will- Int+2
                  | Dex+3 Stlth+}
 23009 | D:13     | Found a gate to the Vaults.
 23425 | D:14     | Reached XP level 16. HP: 139/139 MP: 16/16
 23891 | D:14     | Noticed Jorgrun
 23903 | D:14     | Killed Jorgrun
 23987 | D:14     | Found a sacrificial altar of Ru.
 24036 | D:15     | Entered Level 15 of the Dungeon
 24101 | D:15     | Reached skill level 10 in Shapeshifting
 24599 | D:15     | Found a staircase to the Depths.
 25260 | D:13     | Bought the ring "Sitat" {Ice rElec rN+ MP-9} for 300 gold
                  | pieces
 25409 | Swamp:1  | Entered Level 1 of the Swamp
 25437 | Swamp:1  | Reached skill level 1 in Unarmed Combat
 26419 | Swamp:2  | Reached skill level 5 in Unarmed Combat
 26550 | Swamp:2  | You fall into a shaft and drop 1 floor!
 27211 | Swamp:3  | Noticed a fenstrider witch
 27224 | Swamp:3  | Killed a fenstrider witch
 27439 | Swamp:3  | Reached XP level 17. HP: 112/145 MP: 17/17
 27654 | Swamp:4  | Entered Level 4 of the Swamp
 28009 | Swamp:4  | Noticed the 27-headed Lernaean hydra
 28119 | Swamp:4  | Got a decaying rune of Zot
 28275 | Spider:1 | Entered Level 1 of the Spider Nest
 28375 | Spider:1 | Reached skill level 15 in Shapeshifting
 29556 | Spider:2 | Noticed Louise
 29581 | Spider:2 | Killed Louise
 29653 | Spider:2 | Reached skill level 10 in Unarmed Combat
 30980 | Spider:2 | Reached XP level 18. HP: 143/143 MP: 9/18
 32216 | Spider:4 | Entered Level 4 of the Spider Nest
 32873 | Spider:4 | Reached skill level 15 in Dodging
 32951 | Spider:4 | Demolished by a radroach

Illustrated notes

Levels and vault maps discovered:
D:1:      lightli_arrival_chessboard, layout_loops_corners,
          basic_ecumenical_altar, serial_shops, nicolae_shop_behind_doors,
          nrook_campfire, kennysheep_doodads, reono_crystal_passage
D:2:      layout_rooms, serial_bayou, serial_bayou_pond_b, serial_bayou_pond_e,
          serial_bayou_shore_a, serial_bayou_shore_b, cheibrodos_gnoll_hut
D:3:      layout_basic, serial_shops, nicolae_shop_drivethru,
          uniq_crazy_yiuf_cottage, uniq_ijyb
D:4:      layout_loops_ring, serial_shops, nicolae_shop_stone
D:5:      cheibrodos_barr_body, layout_rooms, kennysheep_generic_room_8
D:6:      layout_basic, serial_shops, shop, uniq_eustachio
D:7:      layout_loops_ring, minmay_temple_entry_statues_fountains,
          serial_shops, nicolae_shop_real_fake_doors, hex_medium,
          kennysheep_small_circle, uniq_joseph
D:8:      layout_basic, nicolae_uskayaw_suspiria, serial_shops,
          nicolae_shop_hallway_stairs, gammafunk_ghost_stat_death,
          minmay_sticks_and_stones
D:9:      layout_big_octagon, mainiacjoe_overflow_brackets, minitemple,
          serial_library_hellmonk_room_a, lemuel_flame_loot_1
D:10:     cheibrodos_ideogram_h, layout_stronghold,
          gammafunk_temple_overflow_wave, dpeg_lair_monsters, uniq_erolcha,
          uniq_josephine, uniq_urug
D:11:     layout_roguey, serial_shops, nicolae_shop_mannequins
D:12:     layout_loops_ring, serial_bayou_pond_e
D:13:     layout_irregular_city, david_vaults_5, gauntlet_entry_generic
D:14:     layout_loops_ring, nicolae_ru_the_path_less_chosen,
          nicolae_figureground_sparkle, uniq_jorgrun
D:15:     grunt_enter_depths_snipers, layout_irregular_city, serial_bayou_pond_e
Temple:   minmay_freezing_vapour_temple
Lair:1:   beast_lair_carwin_large_1, layout_cave_pods
Lair:2:   layout_regular_city, portal_ice_cave_entry_pillars_1,
          serial_bayou_lake_a, grunt_megastairs_1, lemuel_fruit_fields
Lair:3:   lemuel_slime, layout_concentric_octagons,
          nicolae_swamp_entry_splash_gauntlet, nicolae_spider_entry_non_spiders,
          grunt_megastairs_3
Lair:4:   layout_small_grid, slime_entry_1, nzn_ghost_randoct,
          nicolae_lair_lil_pond
Lair:5:   cheibrodos_lair_end_hotspot, layout_gridlike, basic_altar
Swamp:1:  layout_falls_marsh, infiniplex_staircase_pool_2
Swamp:2:  layout_basic_swamp, serial_swamp_ruin, evilmike_swamp_ruin_house_1,
          evilmike_swamp_ruin_rubble_1, hangedman_swamp_ruin_wall,
          infiniplex_staircase_pool, nicolae_swamp_tree_isthmus
Swamp:3:  layout_basic_swamp, hangedman_swamp_blocks
Swamp:4:  swamp_alternative, layout_basic_swamp
Spider:1: layout_spider_delve
Spider:2: layout_spider_delve, uniq_louise
Spider:3: layout_spider_delve
Spider:4: hellmonk_spider_rune_endless_swarm, nicolae_spider_eight_legs
Orc:1:    layout_caves, serial_shops, shop, basic_altar
Orc:2:    grunt_orc_community_town_hall, layout_caves,
          grunt_orc_community_big_house_2, grunt_orc_community_big_house_2,
          grunt_orc_community_house_1, grunt_orc_community_house_1,
          grunt_orc_community_house_1, grunt_orc_community_house_2,
          grunt_orc_community_house_2, grunt_orc_community_house_1, basic_altar,
          serial_shops, statue_bzr, nicolae_shop_advertising_works
          [nicolae_subvault_shop_adworks], shop,
          nicolae_shop_bloodbath_and_beyond, shop_statue

Skill      XL: |  1  2  3  4  5  6  7  8  9 10 11 12 13 14 15 16 17 18 |
---------------+-------------------------------------------------------+-----
Polearms       | 3 4 6 8 9 12 14 17 19 21 23 25 | 25.4
Fighting       | 4 5 6 7 9 11 12 13 15 16 17 | 17.3
Dodging        | 7 13 15 | 15.1
Shapeshifting  | 8 14 16 | 16.0
Unarmed Combat | 6 12 | 12.6
Armour         | |  2.1
Shields        | |  3.0

Action                     |  1- 3 |  4- 6 |  7- 9 | 10-12 | 13-15 | 16-18 || total
---------------------------+-------+-------+-------+-------+-------+-------++-------
  Melee: Trident           |   124 |   152 |   380 |   872 |  1545 |  1587 ||  4660
         Tailslap          |       |       |       |    10 |       |    24 ||    34
         Unarmed           |       |       |       |       |       |    19 ||    19
         Bite              |       |       |       |       |       |     4 ||     4
         Punch             |       |       |       |       |       |     1 ||     1
  Throw: Throwing net      |       |       |       |     1 |       |       ||     1
 Invoke: Call Merchant     |       |       |       |       |     4 |     1 ||     5
         Potion Petition   |       |       |       |       |       |     2 ||     2
Ability: Breathe Fire      |       |       |       |       |       |     4 ||     4
  Evoke: Wand              |       |    15 |    15 |    35 |       |    12 ||    77
         Lightning rod     |       |       |       |     1 |     4 |     6 ||    11
    Use: Scroll            |     3 |       |     5 |    21 |     9 |     7 ||    45
         Potion            |       |     1 |       |    10 |     2 |    18 ||    31
   Stab: Paralysed         |       |    22 |    13 |     9 |       |       ||    44
         Distracted        |       |       |     1 |     4 |    14 |    16 ||    35
         Petrified         |       |       |       |     1 |       |       ||     1
         Invisible         |       |       |       |       |    16 |    24 ||    40
 Armour: Scale mail        |    50 |    92 |   104 |    90 |   593 |   942 ||  1871
         Leather armour    |       |       |   113 |   364 |       |       ||   477
         Skin              |       |       |       |       |       |    82 ||    82
  Dodge: Dodged            |    43 |    39 |   116 |   205 |   457 |   911 ||  1771
  Block: Buckler           |    16 |    26 |    74 |    99 |   226 |   392 ||   833
   Form: Dragon            |       |       |       |       |       |     1 ||     1
                           |       |       |       |       |       |     1 ||     1

Table legend: (Time is in decaauts)
 A = Elapsed time spent in this place.
 B = Non-inter-level travel time spent in this place.
 C = Inter-level travel time spent in this place.
 D = Time resting spent in this place.
 E = Time spent auto-exploring this place.
 F = Levels seen in this place.
 G = Mean time per level.
                   A        B        C        D        E       F      G
               +--------+--------+--------+--------+--------+-----+--------+
         Total |  31195 |  29146 |   2049 |   1599 |  21176 |  34 |  917.5 |
       Dungeon |  16993 |  15648 |   1345 |    676 |  12123 |  15 | 1132.9 |
        Temple |     10 |      2 |      8 |      0 |      0 |   1 |   10.0 |
          Lair |   4891 |   4474 |    417 |    107 |   3367 |   5 |  978.2 |
         Swamp |   2309 |   2191 |    118 |    197 |   1458 |   4 |  577.2 |
   Spider Nest |   4326 |   4268 |     58 |    553 |   2561 |   4 | 1081.5 |
  Orcish Mines |   1676 |   1575 |    101 |     11 |   1174 |   2 |  838.0 |
        Bazaar |     40 |     40 |      0 |      0 |     27 |   1 |   40.0 |
      Ice Cave |    627 |    627 |      0 |     54 |    317 |   1 |  627.0 |
      Gauntlet |    320 |    320 |      0 |      0 |    147 |   1 |  320.0 |
               +--------+--------+--------+--------+--------+-----+--------+

Top non-repeatable levels by time:
    D:10: 3197 daAuts
Spider:2: 1541 daAuts
     D:5: 1338 daAuts
     D:7: 1337 daAuts
   Orc:2: 1218 daAuts
Spider:1: 1185 daAuts
  Lair:5: 1171 daAuts
     D:9: 1166 daAuts
  Lair:3: 1137 daAuts
    D:15: 1119 daAuts
  Lair:1: 1049 daAuts
     D:6: 1038 daAuts
     D:8: 1035 daAuts
    D:13: 991 daAuts
     D:1: 958 daAuts
